 Dungeon Crawl Stone Soup version 0.29.1-15-g9cfb28693d (webtiles) character file.

Game seed: 12663042808780725213

15911 Eitelfritz the Frost Mage (level 12, -4/83 HPs)
             Began as a Demonspawn Ice Elementalist on Apr 8, 2023.
             Was a Follower of Dithmenos.
             Slain by Sonja
             ... wielding a +0 dagger of distortion
              (14 damage)
             ... on level 12 of the Dungeon.
             The game lasted 00:48:57 (14137 turns).

Eitelfritz the Frost Mage (DsIE)                   Turns: 14137, Time: 00:48:57

Health: -4/83      AC: 16    Str: 12    XL:     12   Next: 5%
Magic:  18/24      EV: 14    Int: 24    God:    Dithmenos [*.....]
Gold:   604        SH: 17    Dex: 14    Spells: 10/27 levels left

rFire   . . .      SeeInvis .   a - +5 falchion "Piqiexzu" {flame, rC+ rN+ Stlth-}
rCold   + . .      Faith    .   (no shield)
rNeg    + . .      Spirit   .   c - +0 troll leather armour
rPois   .          Reflect  +   h - +0 helmet
rElec   .          Harm     .   B - scarf {+Inv}
rCorr   .          Rampage  +   (no gloves)
Will    .....                   u - +2 pair of boots {rampage}
Stlth   ++........              m - amulet of Serendipity {Reflect Str+3 Int+3 SH+5}
HPRegen 1.03/turn               t - +4 ring of slaying
MPRegen 0.19/turn               i - +4 ring of protection

@: freezing walls, slowed, wreathed by umbra, very slow
A: large bone plates 3, icemail 1, spiny 2, condensation shield
a: Renounce Religion, Evoke Invisibility


You were on level 12 of the Dungeon.
You worshipped Dithmenos.
Dithmenos was aware of your devotion.
You visited 2 branches of the dungeon, and saw 13 of its levels.

You collected 616 gold pieces.
You spent 12 gold pieces at shops.

Inventory:

Hand Weapons
 a - the +5 falchion "Piqiexzu" (weapon) {flame, rC+ rN+ Stlth-}
   (You found it on level 4 of the Dungeon)

   It burns those it strikes, dealing additional fire damage.
   Big, fiery blades are also staple armaments of hydra-hunters.
   rC:        It protects you from cold.
   rN:        It protects you from negative energy.
   Stlth:     It makes you less stealthy.
 b - a +1 dagger of venom
 A - a +2 short sword of venom
Missiles
 j - 3 boomerangs
 v - 26 poisoned darts
 I - 5 curare-tipped darts
Armour
 c - a +0 troll leather armour (worn)
 h - a +0 helmet (worn)
 l - a +1 hat
 u - a +2 pair of boots of rampaging (worn)
 B - a scarf of invisibility (worn)
 L - the +1 leather armour of the Arcane {rC+ rCorr}
   (You found it on level 12 of the Dungeon)

   rC:        It protects you from cold.
   rCorr:     It protects you from acid and corrosion.
Jewellery
 i - a +4 ring of protection (right hand)
 k - an amulet of faith
 m - the amulet of Serendipity (around neck) {Reflect Str+3 Int+3 SH+5}
   (You took it off a gnoll on level 6 of the Dungeon)

   [amulet of reflection]

   It reflects blocked missile attacks.
   Str:       It affects your strength (+3).
   Int:       It affects your intelligence (+3).
   SH:        It affects your SH (+5).
 t - a +4 ring of slaying (left hand)
 E - a ring of magical power
 J - a ring of magical power
Wands
 n - a wand of mindburst (25)
 w - a wand of iceblast (7)
 x - a wand of polymorph (9)
 z - a wand of flame (38)
Scrolls
 d - 6 scrolls of identify
 e - a scroll of poison
 g - 5 scrolls of teleportation
 p - a scroll of blinking
 y - a scroll of vulnerability
 C - a scroll of fear
 H - a scroll of amnesia
 M - a scroll of magic mapping {unknown}
Potions
 f - 3 potions of berserk rage
 o - 7 potions of brilliance
 q - 4 potions of curing
 r - 5 potions of haste
 s - a potion of invisibility
 F - a potion of cancellation
 G - a potion of ambrosia
 K - 2 potions of magic
Miscellaneous
 D - a box of beasts


   Skills:
 + Level 3.8 Fighting
 + Level 3.8(5.7) Short Blades
 + Level 6.6(7.1) Long Blades
 + Level 3.3 Armour
 + Level 6.0 Dodging
 + Level 4.7 Stealth
 + Level 7.0 Shields
 + Level 8.0 Spellcasting
 + Level 0.6 Conjurations
 + Level 2.0 Summonings
 + Level 8.3 Ice Magic
 * Level 6.3 Invocations


You had 10 spell levels left.
You knew the following spells:

 Your Spells              Type           Power      Damage    Failure   Level
a - Freeze                Ice            100%       1d11      1%          1
b - Frozen Ramparts       Ice            98%        1d15      1%          3
c - Ozocubu's Armour      Ice            49%        N/A       1%          3
d - Magic Dart            Conj           48%        1d5       6%          1
e - Searing Ray           Conj           24%        2d5       10%         2
f - Hailstorm             Conj/Ice       31%        3d8       13%         4
g - Call Canine Familiar  Summ           19%        N/A       11%         3

Your spell library contained the following spells:

 Spells                   Type           Power      Damage    Failure   Level
 Beastly Appendage        Tmut           18%        N/A       9%          1
 Sting                    Tmut/Pois      36%        1d4       9%          1
 Passwall                 Tmut/Erth      7%         N/A       12%         2
 Poisonous Vapours        Pois/Air       18%        N/A       12%         2
 Wereblood                Tmut           9%         N/A       12%         2
 Gell's Gravitas          Tloc           9%         N/A       24%         3
 Lesser Beckoning         Tloc           9%         N/A       24%         3
 Portal Projectile        Hex/Tloc       18%        N/A       24%         3
 Spider Form              Tmut/Pois      9%         N/A       24%         3
 Teleport Other           Tloc           9%         N/A       24%         3
 Fulminant Prism          Conj/Hex       5%         3d7       56%         4
 Leda's Liquefaction      Hex/Erth       4%         N/A       63%         4
 Olgreb's Toxic Radiance  Pois           9%         N/A       63%         4
 Dispersal                Tloc           4%         N/A       100%        6
 Statue Form              Tmut/Erth      6%         N/A       100%        6
 Enfeeble                 Hex            4%         N/A       100%        7
 Malign Gateway           Summ/Tloc      7%         N/A       100%        7
 Disjunction              Tloc           4%         N/A       100%        8
 Summon Horrible Things   Summ           9%         N/A       100%        8


Dungeon Overview and Level Annotations

Branches:
Dungeon (12/15)            Temple (1/1) D:7            Lair (0/5) D:10
    Orc (0/2) D:9

Altars:
Ashenzari
Cheibriados
Dithmenos
Fedhas
Gozag
Hepliaklqana
Kikubaaqudgha
Makhleb
Nemelex Xobeh
Okawaru
Qazlal
Ru
Sif Muna
Trog
Uskayaw
Vehumet
Wu Jian
Xom
Yredelemnul

Shops:
D:3 ?   D:6 :   D:10 !

Annotations:
D:3 Grinder
D:6 1 runed translucent door, vvl's ghost, novice DsVM
D:11 2 runed translucent doors, ripuliukko's ghost, journeyman GrEE
D:12 Sonja


Innate Abilities, Weirdness & Mutations

You are completely covered in large bone plates. (SH +8)
A meltable icy envelope protects you from harm. (AC +4)
You are mostly covered in sharp spines.
A meltable shield of frost defends you. (SH +4)


Message History

Your hound barely misses Sonja.
Sonja throws a curare-tipped dart.
You reflect the curare-tipped dart off an invisible shield around you!
The curare-tipped dart completely misses Sonja.
Your hound barely misses Sonja.
Unknown command.
Sonja mumbles some strange words.
Sonja blinks!
Casting: Call Canine Familiar (dangerous; 11% risk of failure)
Confirm with . or Enter, or press ? or * to list all spells.
Casting: Frozen Ramparts (safe; 1% risk of failure)
Press: ? - help, Dir - look around, f - activate This square is wreathed by an umbra.
The walls around you are covered in ice.
Sonja throws a curare-tipped dart.
The curare-tipped dart hits you.
You are poisoned.
You have difficulty breathing.
You feel yourself slow down.
Your hound closely misses Sonja.
Sonja gestures wildly while chanting.
Sonja blinks!
Unknown command.
You slash Sonja! You burn Sonja.
Sonja is almost dead.
You feel very sick.
You block Sonja's attack. x2; Sonja misses you.
Unknown command.
You closely miss Sonja.
Sonja is almost dead.
You feel very sick. You block Sonja's attack.
Sonja hits you but does no damage. Space warps around you.
You block Sonja's attack. Sonja barely misses you.
Sonja hits you but does no damage. Space warps around you.
* * * LOW HITPOINT WARNING * * *
Sonja hits you but does no damage. Space warps horribly around you!!
* * * LOW HITPOINT WARNING * * *
Unknown command.
You feel better. Sonja is struck by your spines.
Sonja hits you with a +0 dagger of distortion.
* * * LOW HITPOINT WARNING * * *
Space warps horribly around you!
You die...

#...............?............
#............................
#............................
#..........................>.
#...>........................
#............................
#............................
#.........h..K...............
#ยง..........@................
#.#########################..
#.# #.. #(# #.. #.########
#####.. #..!...... .......
#......... ....... #.........
....... #......... .......


You could see Sonja (ally target) and a friendly hound (summoned).

Vanquished Creatures
  A boulder beetle (D:12)
  2 hydras
  4 two-headed ogres
  A deep elf pyromancer (D:12)
  2 ugly things (D:12)
  3 cyclopes
  A kobold demonologist (D:12)
  5 trolls
  A hornet (D:7)
  3 shadows
  9 yaks
  A vampire (D:8)
  A wraith (D:10)
  3 vampire mosquitoes (D:11)
  2 water moccasins
  4 orc warriors
  An ice beast (D:6)
  A sky beast (D:5)
  A black bear (D:4)
  A boggart (D:8)
  A centaur (D:10)
  A phantom (D:7)
  3 nameless horrors
  4 kobold brigands
  A bullfrog (D:7)
  5 scorpions
  11 wights
  11 killer bees
  5 howler monkeys
  2 vampire bats
  3 jellies
  A gnoll bouda (D:4)
  3 orc priests
  8 hounds
  Ijyb (D:3)
  4 iguanas
  10 orc wizards
  10 gnolls
  4 adders
  4 shadow imps
  A white imp (D:5)
  An ufetubus (D:6)
  A worm (D:5)
  A dart slug (D:5)
  3 fire bats (D:3)
  46 orcs
  2 spectral bats (D:3)
  3 bat skeletons (D:3)
  A bat zombie (D:3)
  6 endoplasms
  4 giant cockroaches
  3 goblins
  7 hobgoblins
  5 jackals
  36 kobolds
  3 quokkas
  4 ball pythons
  17 bats
  A bat simulacrum (D:3)
  4 rats
  A spectral kobold (D:4)
289 creatures vanquished.

Vanquished Creatures (collateral kills)
  A boulder beetle (D:12)
  A two-headed ogre (D:9)
2 creatures vanquished.

Vanquished Creatures (others)
  A kobold (D:7)
  61 plants
62 creatures vanquished.

Grand Total: 353 creatures vanquished

Notes
Turn   | Place    | Note
-------+----------+-------------------------------------------
     0 | D:1      | Eitelfritz the Demonspawn Ice Elementalist began the quest
                  | for the Orb.
     0 | D:1      | Reached XP level 1. HP: 13/13 MP: 3/3
   322 | D:1      | Gained mutation: You are partially covered in large bone
                  | plates. (SH +4) [demonic ancestry]
   322 | D:1      | Reached XP level 2. HP: 11/19 MP: 1/5
  1243 | D:1      | Found a faded altar of an unknown god.
  1761 | D:2      | Reached XP level 3. HP: 23/24 MP: 3/6
  2315 | D:2      | Learned a level 3 spell: Frozen Ramparts
  2450 | D:3      | Noticed Ijyb
  2456 | D:3      | Killed Ijyb
  2457 | D:3      | Gained mutation: You are mostly covered in large bone
                  | plates. (SH +6) [demonic ancestry]
  2457 | D:3      | Reached XP level 4. HP: 14/30 MP: 2/8
  2461 | D:3      | Learned a level 3 spell: Ozocubu's Armour
  2918 | D:3      | Noticed Grinder
  3057 | D:3      | Got the Compilation of Curses and Minerals
  3075 | D:3      | Gained mutation: You are partially covered in sharp spines.
                  | [demonic ancestry]
  3075 | D:3      | Reached XP level 5. HP: 30/36 MP: 4/9
  3186 | D:3      | Learned a level 1 spell: Magic Dart
  3189 | D:3      | Learned a level 2 spell: Searing Ray
  3236 | D:3      | Found Qass's Magic Scroll Shop.
  3247 | D:3      | Bought a scroll of noise for 12 gold pieces
  3838 | D:4      | Found a hazy altar of Hepliaklqana.
  3907 | D:4      | Reached skill level 1 in Fighting
  3993 | D:4      | Reached skill level 5 in Ice Magic
  3993 | D:4      | Gained mutation: You are completely covered in large bone
                  | plates. (SH +8) [demonic ancestry]
  3993 | D:4      | Reached XP level 6. HP: 18/43 MP: 6/11
  4185 | D:4      | Reached skill level 1 in Shields
  4411 | D:4      | Identified the +5 falchion "Piqiexzu" {flame, rC+ rN+
                  | Stlth-}
  5186 | D:3      | Reached skill level 1 in Short Blades
  5186 | D:3      | Gained mutation: A meltable shield of frost defends you.
                  | (SH +4) [demonic ancestry]
  5186 | D:3      | Reached XP level 7. HP: 45/48 MP: 9/13
  5407 | D:3      | Found a burning altar of Makhleb.
  5471 | D:5      | Entered Level 5 of the Dungeon
  5774 | D:5      | HP: 2/46 [wight/+2 trident of freezing (1)]
  6104 | D:5      | Found a snail-covered altar of Cheibriados.
  6109 | D:5      | Reached XP level 8. HP: 52/54 MP: 15/15
  6462 | D:5      | Learned a level 4 spell: Hailstorm
  6507 | D:6      | Reached skill level 5 in Spellcasting
  6652 | D:6      | Reached skill level 1 in Long Blades
  6721 | D:6      | Found a runed translucent door.
  6775 | D:6      | Identified the amulet of Serendipity {Reflect Str+3 Int+3
                  | SH+5}
  6778 | D:6      | Found Koec's Vocational Training.
  6931 | D:6      | Noticed vvl's ghost (novice DsVM)
  7544 | D:6      | Found a blossoming altar of Fedhas.
  7646 | D:6      | Reached XP level 9. HP: 61/61 MP: 13/17
  8523 | D:7      | Reached skill level 5 in Shields
  8610 | D:7      | Found a staircase to the Ecumenical Temple.
  8881 | D:7      | Found an ancient bone altar of Kikubaaqudgha.
  8886 | D:7      | Found a sparkling altar of Nemelex Xobeh.
  8888 | D:7      | Found a shadowy altar of Dithmenos.
  8889 | D:7      | Found a basalt altar of Yredelemnul.
  8890 | D:7      | Found a shimmering altar of Xom.
  8891 | D:7      | Found an ornate altar of the Wu Jian Council.
  8893 | D:7      | Found a hide-covered altar of Uskayaw.
  9086 | Temple   | Entered the Ecumenical Temple
  9543 | D:8      | Reached XP level 10. HP: 57/68 MP: 15/19
  9773 | D:8      | Found a shimmering blue altar of Sif Muna.
  9948 | D:8      | Found a stormy altar of Qazlal.
 10087 | D:8      | Found a sacrificial altar of Ru.
 10387 | D:9      | Learned a level 3 spell: Call Canine Familiar
 10491 | D:9      | Noticed a two-headed ogre
 10519 | D:9      | Killed a two-headed ogre
 10519 | D:9      | Noticed a two-headed ogre
 10520 | D:9      | Reached skill level 1 in Armour
 10690 | D:9      | Found a staircase to the Orcish Mines.
 10713 | D:9      | Reached skill level 5 in Dodging
 10721 | D:9      | Reached skill level 5 in Long Blades
 11038 | D:9      | Found an opulent altar of Gozag.
 11099 | D:9      | Reached skill level 1 in Summonings
 11383 | D:7      | Became a worshipper of Dithmenos the Shadowed
 11508 | D:9      | Killed a two-headed ogre
 11509 | D:9      | Reached skill level 1 in Invocations
 11605 | D:10     | Entered Level 10 of the Dungeon
 11657 | D:10     | Found Zatoiquck's Distillery.
 12026 | D:10     | Noticed a two-headed ogre
 12033 | D:10     | Killed a two-headed ogre
 12034 | D:10     | Gained mutation: A meltable icy envelope protects you from
                  | harm. (AC +4) [demonic ancestry]
 12034 | D:10     | Reached XP level 11. HP: 55/75 MP: 15/21
 12116 | D:10     | Found a staircase to the Lair.
 12446 | D:11     | Noticed a two-headed ogre
 12450 | D:11     | Killed a two-headed ogre
 12568 | D:11     | Noticed a two-headed ogre
 12578 | D:11     | Killed a two-headed ogre
 12777 | D:11     | Noticed a lich
 12777 | D:11     | Noticed ripuliukko's ghost (journeyman GrEE)
 12778 | D:11     | Noticed a necromancer
 12778 | D:11     | Noticed a skeletal warrior
 12779 | D:11     | Noticed a frost giant
 12779 | D:11     | Noticed a deep elf high priest
 12818 | D:11     | Found a runed translucent door.
 12821 | D:11     | Found a runed translucent door.
 12825 | D:11     | Noticed a five-headed hydra
 12833 | D:11     | Killed a four-headed hydra
 12921 | D:11     | Reached * piety under Dithmenos
 13240 | D:12     | Noticed a deep elf pyromancer
 13240 | D:12     | Noticed a seven-headed hydra
 13254 | D:12     | Killed a three-headed hydra
 13255 | D:12     | Reached skill level 5 in Invocations
 13261 | D:12     | Noticed a cyan ugly thing
 13262 | D:12     | Killed a deep elf pyromancer
 13316 | D:12     | Noticed a brown ugly thing
 13325 | D:12     | Killed a cyan ugly thing
 13331 | D:12     | Killed a brown ugly thing
 13365 | D:12     | Identified the +1 leather armour of the Arcane {rC+ rCorr}
 13448 | D:12     | Noticed a boulder beetle
 13543 | D:12     | Killed a boulder beetle
 13699 | D:12     | Noticed a boulder beetle
 13838 | D:12     | Killed a boulder beetle
 13997 | D:12     | Gained mutation: You are mostly covered in sharp spines.
                  | [demonic ancestry]
 13997 | D:12     | Reached XP level 12. HP: 83/83 MP: 20/24
 14053 | D:12     | Noticed Sonja
 14137 | D:12     | Slain by Sonja

Illustrated notes

Levels and vault maps discovered:
D:1:      dpeg_arrival_orchard, layout_loops_ring,
          shapermc_ecumenical_altar_notcrosses
D:2:      layout_basic
D:3:      layout_rooms, pf_just_have_faith, serial_shops, nicolae_shop_crystal,
          goddamned_bats, uniq_ijyb, uniq_grinder
D:4:      layout_loops_corners, nicolae_hepliaklqana_monster_ancestors,
          minmay_increasing_density
D:5:      layout_rooms, kennysheep_slug_shrine
D:6:      layout_basic, fedhas_altar_1, ebering_ghost_sewer_d,
          nrook_mini_vaults, hangedman_decor_clover_reticule, roderic_batcave,
          minmay_fountain_box, nicolae_shop_vocational
D:7:      kennysheep_kobold_camp, layout_loops_cross, minitemple,
          minmay_temple_entry_enclosed_plants
D:8:      layout_cave_pools, nicolae_ru_sacrificial_ziggurat, kennysheep_mini,
          led_sif_pool, minivault_22, kennysheep_just_a_vault
D:9:      layout_basic, grunt_gozag_statues, orc_0_dummy
D:10:     layout_stronghold, lair_entry_dummy, serial_shops, shop
D:11:     layout_basic, muffindrake_ghost_dual_entry, grunt_decor_arrowhead
D:12:     layout_long_grid, uniq_sonja
Temple:   nicolae_temple_two_arcs

Skill      XL: |  1  2  3  4  5  6  7  8  9 10 11 12 |
---------------+-------------------------------------+-----
Ice Magic      | 4 5 6 7 8 |  8.3
Dodging        | 2 3 4 5 6 |  6.0
Stealth        | 2 3 4 |  4.7
Spellcasting   | 3 4 5 6 7 8 |  8.0
Fighting       | 1 2 3 |  3.8
Shields        | 1 2 4 5 6 7 |  7.0
Short Blades   | 1 2 3 |  3.8
Long Blades    | 1 3 5 6 |  6.6
Armour         | 2 3 |  3.3
Summonings     | 1 2 |  2.0
Invocations    | 2 6 |  6.3
Conjurations   | |  0.6

Action                   |  1- 3 |  4- 6 |  7- 9 | 10-12 || total
-------------------------+-------+-------+-------+-------++-------
Melee: Dagger            |    33 |    67 |   167 |       ||   267
       Punch             |       |     1 |     3 |     2 ||     6
       Falchion          |       |       |   105 |   231 ||   336
 Cast: Freeze            |    36 |    15 |     6 |       ||    57
       Frozen Ramparts   |       |    14 |    25 |    40 ||    79
       Magic Dart        |       |     5 |    19 |     6 ||    30
       Searing Ray       |       |       |    11 |     5 ||    16
       Call Canine Famil |       |       |       |    17 ||    17
       Ozocubu's Armour  |       |       |       |     2 ||     2
  Use: Potion            |     1 |       |     2 |     1 ||     4
       Scroll            |       |    13 |     1 |     5 ||    19
 Stab: Sleeping          |     1 |     3 |     4 |     2 ||    10
       Distracted        |       |       |     1 |     1 ||     2
Armor: Robe              |     6 |     8 |    33 |       ||    47
       Troll leather arm |       |       |       |    42 ||    42
Dodge: Dodged            |    37 |    29 |    85 |    73 ||   224
Block: Other             |     6 |    26 |   211 |   156 ||   399
       Reflection        |       |       |    11 |     7 ||    18
